 Dungeon Crawl Stone Soup version 0.30-a0-924-g0ad0bf95bc (webtiles) character file.

Game seed: 11875674294328162288

175 FexLirch the Cleaver (level 5, -1/31 (42) HPs)
             Began as a Hill Orc Reaver on Mar 22, 2023.
             Slain by Robin
             ... wielding a +3 dagger of venom
              (5 damage)
             ... on level 3 of the Dungeon.
             The game lasted 00:04:15 (2701 turns).

FexLirch the Cleaver (Hill Orc Reaver)              Turns: 2701, Time: 00:04:15

HP:   -1/31 (42)    AC:  4    Str: 17    XL:     5   Next: 55%
MP:   4/7           EV: 11    Int: 13    God:
Gold: 76            SH:  0    Dex:  9    Spells: 3/7 levels left

rFire   . . .      SeeInvis .    a - +0 hand axe
rCold   . . .      Faith    .    (no shield)
rNeg    . . .      Spirit   .    b - +0 leather armour
rPois   .          Reflect  .    (no helmet)
rElec   .          Rampage  .    e - +0 cloak
rCorr   .                        (no gloves)
Will    .....                    (no boots)
Stlth   +                        (no amulet)
HPRegen 0.25/turn                (no ring)
MPRegen 0.10/turn                (no ring)

@: mighty, lethally poisoned (-1 -> -9), immotile, very heavily drained
A: no striking features
a: no special abilities


You were on level 3 of the Dungeon.
You visited 1 branch of the dungeon, and saw 3 of its levels.

You collected 76 gold pieces.

Inventory:

Hand Weapons
 a - a +0 hand axe (weapon)
Missiles
 c - 36 stones
 q - 4 javelins
 r - 4 poisoned darts
Armour
 b - a +0 leather armour (worn)
 e - a +0 cloak (worn)
 f - a +0 ring mail
 t - the +2 robe "Jusib" {rCorr Dex+3}
   (You found it on level 2 of the Dungeon)

   Dex:       It affects your dexterity (+3).
   rCorr:     It protects you from acid and corrosion.
Jewellery
 h - a ring of wizardry
 o - an amulet of magic regeneration
Scrolls
 d - 2 scrolls of identify {unknown}
 g - a scroll of fear {unknown}
 j - 2 scrolls of teleportation {unknown}
 n - a scroll of magic mapping {unknown}
 p - a scroll of amnesia {unknown}
 u - a scroll of summoning {unknown}
Potions
 i - a potion of lignification {unknown}
 k - a potion of heal wounds {unknown}
 l - 2 potions of haste {unknown}
 m - a potion of might
 s - a potion of brilliance {unknown}
 v - a potion of mutation {unknown}
 w - a potion of curing {unknown}


   Skills:
 - Level 2.4 Fighting
 + Level 8.0 Axes
 - Level 1.5 Dodging
 - Level 1.5 Spellcasting
 - Level 3.0 Conjurations


You had 3 spell levels left.
You knew the following spells:

 Your Spells              Type           Power      Damage    Failure   Level
a - Kiss of Death         Conj/Necr      16%        2d6       19%         1
b - Momentum Strike       Conj/Tloc      8%         3d8       26%         2
c - Foxfire               Conj/Fire      16%        2x1d4     19%         1

Your spell library contained the following spells:

 Spells                   Type           Power      Damage    Failure   Level
 Hailstorm                Conj/Ice       4%         3d4       47%         3
 Gell's Gravitas          Tloc           1%         N/A       69%         3
 Teleport Other           Tloc           1%         N/A       69%         3
 Fireball                 Conj/Fire      2%         3d4       99%         5
 Dispersal                Tloc           0%         N/A       100%        6
 Starburst                Conj/Fire      2%         6d3       100%        6


Dungeon Overview and Level Annotations

Branches:
Dungeon (3/15)

Altars:
Ru

Annotations:
D:3 2 transporters, Robin; ytrimaz's ghost, amateur OgBe


Message History

Confirm with . or Enter, or press ? or * to list all spells.
Aiming: Kiss of Death (safe; 19% risk of failure)
Press: ? - help, Shift-Dir - straight line, f - Robin
Aim: Robin, wielding a +3 dagger of venom, wearing a +0 animal skin, wearing a +0 helmet and carrying a wand of polymorph (8) (lightly wounded, 100% to hit)
The negative energy hits Robin!
Robin is drained!
Robin is almost dead.
You feel drained.
You feel sick. The hobgoblin hits you.
Robin says, "A pitiful Hill Orc like you will never find the ORB!"
Robin zaps a wand.
You resist with some effort.
Casting: Kiss of Death (safe; 19% risk of failure)
Confirm with . or Enter, or press ? or * to list all spells.
Aiming: Momentum Strike (quite dangerous; 26% risk of failure)
Press: ? - help, Dir - move target, f - hobgoblin, p - Robin
Aim: a hobgoblin (moderately wounded, strong, 68% to hit)
The concentrated momentum hits the hobgoblin!
You kill the hobgoblin!
You are unable to move.
You feel sick.
Robin zaps a wand.
You resist with some effort.
You closely miss Robin.
Robin is almost dead.
You feel sick. Robin hits you but does no damage.
You are lethally poisoned!
Casting: Momentum Strike (quite dangerous; 26% risk of failure)
Confirm with . or Enter, or press ? or * to list all spells.
Okay, then.
Unknown command.
It was a potion of might.
You feel very mighty all of a sudden.
* * * LOW HITPOINT WARNING * * *
You feel very sick.
Robin hits you with a +3 dagger of venom.
* * * LOW HITPOINT WARNING * * *
Okay, then.
Unknown command.
You barely miss Robin.
Robin is almost dead.
* * * LOW HITPOINT WARNING * * *
You feel sick.
Robin hits you with a +3 dagger of venom.
You die...

###.#.........###
#.............#....
#..###©####........
..##.### .#####.... .#
... #....#... . ....#
.#...##..
#..##..#......#.#######
#©. ..©..##..#g)......
##.# ...#... #@).# #
..###=..##.##)#.# ##
..!$.... #..# # .###
##### ##.##
...####.©.####..#
.#.............###+#
.#....##..##..........
.#.##.###.##..........
........#.##..........


You could see Robin (very drained).

Vanquished Creatures
  3 gnolls
  8 adders
  An orc (D:2)
  8 bats
  5 endoplasms
  5 giant cockroaches
  12 goblins
  5 hobgoblins
  3 jackals
  A quokka (D:1)
  4 ball pythons
  3 frilled lizards
  7 kobolds
  8 rats
73 creatures vanquished.

Vanquished Creatures (collateral kills)
  A foxfire (D:2)
1 creature vanquished.

Vanquished Creatures (others)
  17 foxfires (D:2)
  43 plants (D:2)
60 creatures vanquished.

Grand Total: 134 creatures vanquished

Notes
Turn   | Place    | Note
-------+----------+-------------------------------------------
     0 | D:1      | FexLirch the Hill Orc Reaver began the quest for the Orb.
     0 | D:1      | Reached XP level 1. HP: 18/18 MP: 3/3
   327 | D:1      | Reached XP level 2. HP: 19/25 MP: 4/4
   447 | D:1      | Reached skill level 5 in Axes
   772 | D:1      | Reached XP level 3. HP: 28/30 MP: 5/5
   857 | D:1      | Found a faded altar of an unknown god.
  1263 | D:1      | Reached skill level 6 in Axes
  1315 | D:2      | Learned a level 2 spell: Momentum Strike
  1331 | D:2      | Learned a level 1 spell: Foxfire
  1506 | D:2      | Reached XP level 4. HP: 35/35 MP: 3/6
  1692 | D:2      | Identified the +2 robe "Jusib" {rCorr Dex+3}
  1953 | D:2      | Reached skill level 7 in Axes
  2184 | D:2      | Reached XP level 5. HP: 32/42 MP: 4/7
  2380 | D:3      | Found a transporter.
  2626 | D:3      | Found a sacrificial altar of Ru.
  2663 | D:3      | Found a transporter.
  2668 | D:3      | Noticed ytrimaz's ghost (amateur OgBe)
  2683 | D:3      | Noticed Robin
  2689 | D:3      | Reached skill level 8 in Axes
  2701 | D:3      | Slain by Robin

Illustrated notes

Levels and vault maps discovered:
D:1:      dpeg_arrival_snail, layout_basic, shapermc_ecumenical_altar_rom_forum,
          serial_park_tiny_1, minmay_misc_feat_chi
D:2:      layout_basic, serial_bayou, serial_bayou_pond_c, serial_bayou_pond_d,
          serial_bayou_pond_b, serial_bayou_pond_b, serial_bayou_shore_a,
          nicolae_grassy_gnolls
D:3:      layout_basic, nicolae_ru_awakened_eye, gammafunk_ghost_stat_death,
          minmay_misc_feat_alley, uniq_robin

Skill      XL: |  1  2  3  4  5 |
---------------+----------------+-----
Axes           | 5 6 7 8 |  8.0
Fighting       | |  2.4
Dodging        | |  1.5
Spellcasting   | |  1.5
Conjurations   | |  3.0

Action                     |  1- 3 |  4- 6 || total
---------------------------+-------+-------++-------
  Melee: Hand axe          |   117 |   101 ||   218
   Cast: Foxfire           |     6 |     5 ||    11
         Kiss of Death     |     1 |     2 ||     3
         Momentum Strike   |       |     6 ||     6
    Use: Potion            |       |     1 ||     1
 Armour: Leather armour    |    52 |    36 ||    88
  Dodge: Dodged            |    79 |    57 ||   136

Table legend: (Time is in decaauts)
 A = Elapsed time spent in this place.
 B = Non-inter-level travel time spent in this place.
 C = Inter-level travel time spent in this place.
 D = Time resting spent in this place.
 E = Time spent auto-exploring this place.
 F = Levels seen in this place.
 G = Mean time per level.
                   A        B        C        D        E       F      G
               +--------+--------+--------+--------+--------+-----+--------+
         Total |   2720 |   2555 |    165 |    134 |   1889 |   3 |  906.7 |
       Dungeon |   2720 |   2555 |    165 |    134 |   1889 |   3 |  906.7 |
               +--------+--------+--------+--------+--------+-----+--------+

Top non-repeatable levels by time:
     D:1: 1246 daAuts
     D:2: 1143 daAuts
     D:3: 330 daAuts
